 Dungeon Crawl Stone Soup version 0.22-a0-811-gbf23809 (webtiles) character file.

4055 Batzerker the Grappler (level 10, -10/72 HPs)
             Began as a Vampire Berserker on July 22, 2018.
             Was an Elder of Trog.
             Mangled by an orc warrior
             ... wielding a +0 halberd
              (28 damage)
             ... on level 7 of the Dungeon.
             The game lasted 00:19:19 (8781 turns).

Batzerker the Grappler (Vampire Berserker)          Turns: 8781, Time: 00:19:19

Health: -10/72     AC:  0    Str: 19    XL:     10   Next: 4%
Magic:  10/10      EV: 26    Int: 10    God:    Trog [****..]
Gold:   430        SH:  0    Dex: 19    Spells: 9/9 levels left

rFire    . . .     SeeInvis +     - Unarmed
rCold    . . .     Gourm    +   (shield currently unavailable)
rNeg     + . .     Faith    .   (armour currently unavailable)
rPois    .         Spirit   .   (helmet currently unavailable)
rElec    .         Reflect  .   (cloak currently unavailable)
rCorr    .         Harm     .   (gloves currently unavailable)
MR       +....                  (boots currently unavailable)
Stlth    ++++++....             p - amulet of the gourmand
HPRegen  0.22/turn              (ring currently unavailable)
MPRegen  0.12/turn              (ring currently unavailable)

@: bat-form, berserk cooldown, flying, slowed, quick
A: tiny, fangs 3, see invisible
a: End Transformation, Berserk, Trog's Hand, Brothers in Arms, Renounce Religion


You were on level 7 of the Dungeon.
You worshipped Trog.
Trog was greatly pleased with you.
You were not thirsty.
You were in vampire-bat-form.
You visited 1 branch of the dungeon, and saw 7 of its levels.

You collected 430 gold pieces.

Inventory:

Armour
 a - a +0 animal skin
 d - a +0 scale mail (melded)
 e - a +2 cloak (melded)
 l - a +2 helmet
Jewellery
 c - a +4 ring of intelligence (melded)
 n - an uncursed ring of see invisible {unknown}
 p - an amulet of the gourmand (around neck)
 r - an uncursed ring of protection from fire {unknown}
 s - an uncursed ring of fire
Scrolls
 f - 5 scrolls of remove curse
 g - 5 scrolls of identify
 i - 3 scrolls of enchant weapon
 j - 2 scrolls of immolation
 k - 3 scrolls of fear
 m - 4 scrolls of teleportation
Potions
 b - 8 potions of blood
 h - 2 potions of curing


   Skills:
 + Level 4.2 Fighting
 - Level 1.6 Armour
 + Level 6.9 Dodging
 + Level 8.0 Stealth
 + Level 12.7 Unarmed Combat


You had 9 spell levels left.
You didn't know any spells.
Your spell library was empty.

Dungeon Overview and Level Annotations

Branches:
Dungeon (7/15)             Temple (0/1) D:4

Altars:
Cheibriados
Hepliaklqana
Makhleb
Sif Muna
Trog

Shops:
D:7 %


Innate Abilities, Weirdness & Mutations

You have razor-sharp teeth.
You have supernaturally acute eyesight. (SInv)
((You can survive without breathing.))


Message History

Your Stealth skill increases to level 8!
The orc warrior completely misses you. Something bites your two-headed ogre.
Your two-headed ogre looks as sick as possible!
Something poisons your two-headed ogre!
Your two-headed ogre hits the orc with a giant spiked club!
The orc dies!
Trog accepts your kill.
You feel a strong urge to attack something.
You feel your anger nearly subside.
You are no longer berserk.
You are exhausted.
You feel yourself slow down.
You hit the worker ant but do no damage.
You bite the worker ant, but do no damage.
The worker ant is severely wounded.
Your two-headed ogre hits the worker ant with a giant spiked club!!
The worker ant dies!
Trog accepts your kill.
The orc warrior hits you from afar with a halberd!!
You die...

#....##...............##
............#########.#
................# #.# .
................# #.# .#
......#.........# #.# ro
......#.#.####### #.#. #T .
..........####..########.###Y ##.
######.....##..##..#..###...o ..#
..............##b##.##.###a#.#.##
.............##.O##.##..###.....#
###(###......#.##o)#..##.####..##
#8...8#....#.#.##T.#..##..##(.##
###.########..#.o##.##..#.#TT##
#8.M.8#..# #^#.##..#..##....##
###o###..# #.#.##..#..##...##
#8...8#..###.##..##o##..#..#
###.###.......##. #.##.###.#


You could see a troll, an orc warrior and a friendly two-headed ogre (berserk).

Vanquished Creatures
  The ghost of smazza the Spear-Bearer, a novice MfSk of Okawaru (D:6)
  Grinder (D:6)
  A hippogriff (D:7)
  2 yaks (D:7)
  A human (D:7)
  A wyvern (D:7)
  3 hogs (D:7)
  Menkaure (D:7)
  An orc warrior (D:6)
  3 ice beasts
  A sky beast (D:6)
  2 ogres
  2 centaurs
  A wyvern skeleton (D:6)
  A scorpion (D:4)
  2 crimson imps
  A centaur zombie (D:7)
  A bullfrog zombie (D:7)
  2 orc priests
  A bullfrog skeleton (D:4)
  2 hounds (D:6)
  6 orc wizards
  2 iguanas (D:6)
  4 worker ants
  2 hound skeletons
  9 gnolls
  7 adders
  A howler monkey skeleton (D:6)
  2 shadow imps
  2 white imps (D:6)
  3 oozes
  3 worms
  2 dart slugs
  8 leopard geckos
  27 orcs
  10 bats
  6 giant cockroaches
  10 hobgoblins
  3 jackals (D:2)
  A ball python (D:1)
  2 frilled lizards (D:3)
  16 goblins
  A jackal skeleton (D:7)
  11 kobolds
  A leopard gecko skeleton (D:5)
  15 rats
185 creatures vanquished.

Vanquished Creatures (collateral kills)
  A troll (D:7)
  A worker ant (D:7)
  A killer bee simulacrum (D:6)
  A white imp (D:6)
  An orc (D:7)
5 creatures vanquished.

Grand Total: 190 creatures vanquished

Notes
Turn   | Place    | Note
-------+----------+-------------------------------------------
     0 | D:1      | Batzerker the Vampire Berserker began the quest for the Orb.
     0 | D:1      | Reached XP level 1. HP: 17/17 MP: 1/1
   210 | D:1      | Reached XP level 2. HP: 18/23 MP: 2/2
   789 | D:1      | Reached skill level 4 in Unarmed Combat
   874 | D:1      | Reached XP level 3. HP: 29/29 MP: 3/3
  1127 | D:1      | Reached ** piety under Trog
  1546 | D:2      | Reached XP level 4. HP: 23/35 MP: 4/4
  1554 | D:2      | Reached skill level 1 in Stealth
  2885 | D:2      | Reached skill level 5 in Unarmed Combat
  3322 | D:3      | Reached XP level 5. HP: 41/41 MP: 5/5
  4222 | D:4      | Found a staircase to the Ecumenical Temple.
  4265 | D:4      | Reached XP level 6. HP: 35/47 MP: 6/6
  4276 | D:4      | Reached skill level 6 in Unarmed Combat
  4283 | D:4      | Reached *** piety under Trog
  5195 | D:5      | Entered Level 5 of the Dungeon
  5351 | D:5      | Reached XP level 7. HP: 47/52 MP: 7/7
  5375 | D:5      | Reached skill level 7 in Unarmed Combat
  6415 | D:6      | Found a runed gate.
  6415 | D:6      | Found a runed gate.
  6416 | D:6      | Found a runed gate.
  6425 | D:6      | Reached skill level 5 in Stealth
  6438 | D:6      | Reached skill level 8 in Unarmed Combat
  6449 | D:6      | Reached **** piety under Trog
  6622 | D:6      | Found a bloodstained altar of Trog.
  6643 | D:6      | Reached XP level 8. HP: 60/60 MP: 8/8
  6704 | D:6      | Noticed Grinder
  6730 | D:6      | Noticed smazza's ghost (novice MfSk)
  7352 | D:6      | Killed Grinder
  7352 | D:6      | Reached skill level 5 in Dodging
  7352 | D:6      | Reached skill level 9 in Unarmed Combat
  7392 | D:6      | Killed smazza's ghost
  7392 | D:6      | Reached skill level 10 in Unarmed Combat
  7500 | D:6      | Reached XP level 9. HP: 52/65 MP: 9/9
  7866 | D:7      | Noticed Menkaure
  8047 | D:7      | Killed Menkaure
  8047 | D:7      | Reached skill level 11 in Unarmed Combat
  8091 | D:7      | Found Zoteoz's Food Emporium.
  8390 | D:7      | Reached skill level 12 in Unarmed Combat
  8577 | D:7      | Found a hazy altar of Hepliaklqana.
  8579 | D:7      | Found a snail-covered altar of Cheibriados.
  8583 | D:7      | Found a burning altar of Makhleb.
  8588 | D:7      | Found a deep blue altar of Sif Muna.
  8733 | D:7      | Noticed a troll
  8737 | D:7      | Noticed a troll
  8770 | D:7      | Killed a troll
  8770 | D:7      | Reached XP level 10. HP: 45/72 MP: 10/10
  8781 | D:7      | Mangled by an orc warrior

Vault maps used:
D:1:      minmay_arrival_cross, kennysheep_nondescript, minmay_rat_gold_closets
D:4:      minmay_temple_entry_glass
D:5:      corexii_shantytown, first_ration
D:6:      gammafunk_ghost_icy, hex_medium, trog_butcher_becter, uniq_grinder
D:7:      minmay_the_grid_octo_triangle, grunt_temple_overflow_open,
          serial_shops, shop_statue, grunt_livestock, minmay_misc_feat_hallway,
          uniq_menkaure

Skill      XL: |  1  2  3  4  5  6  7  8  9 10 |
---------------+-------------------------------+-----
Fighting       | 3 4 |  4.2
Unarmed Combat | 4 5 6 8 10 12 | 12.7
Stealth        | 2 3 4 5 6 7 8 |  8.0
Dodging        | 3 4 5 6 |  6.9
Armour         | |  1.6

Action                   |  1- 3 |  4- 6 |  7- 9 | 10-12 || total
-------------------------+-------+-------+-------+-------++-------
Melee: Unarmed           |   127 |   180 |   308 |     6 ||   621
       Bite              |    17 |    17 |    48 |     2 ||    84
       Punch             |     1 |       |       |       ||     1
Invok: Trog's Hand       |       |     1 |     6 |       ||     7
       Berserk           |       |       |     5 |       ||     5
       Brothers in Arms  |       |       |     2 |       ||     2
 Abil: Bat Form          |     1 |       |     2 |       ||     3
  Use: Scroll            |     5 |     3 |       |       ||     8
       Potion            |       |     9 |    21 |       ||    30
 Stab: Sleeping          |     9 |    10 |     5 |       ||    24
       Distracted        |       |       |     3 |       ||     3
Armor: Animal skin       |     2 |       |       |       ||     2
       Scale mail        |    22 |       |       |       ||    22
Dodge: Dodged            |    63 |   200 |   264 |     4 ||   531

Table legend:
 A = Spawn XP
 B = Non-spawn XP
 C = Spawn XP percentage of total XP
 D = Spawn monster count
 E = Non-spawn monster count
 F = Spawn count percentage of total count
 G = Total turns spent on level
                    A         B        C        D         E        F      G
               +---------+---------+-------+---------+---------+-------+---------
         Total |       0 |    5794 |   0.0 |       0 |     190 |   0.0 |  8781
               +---------+---------+-------+---------+---------+-------+---------
           D:1 |       0 |      61 |   0.0 |       0 |      35 |   0.0 |  1389
           D:2 |       0 |     116 |   0.0 |       0 |      19 |   0.0 |  1926
           D:3 |       0 |     139 |   0.0 |       0 |      23 |   0.0 |   882
           D:4 |       0 |     242 |   0.0 |       0 |      13 |   0.0 |   998
           D:5 |       0 |     452 |   0.0 |       0 |      34 |   0.0 |  1120
           D:6 |       0 |    2232 |   0.0 |       0 |      36 |   0.0 |  1613
           D:7 |       0 |    2552 |   0.0 |       0 |      30 |   0.0 |   853
               +---------+---------+-------+---------+---------+-------+---------
